 Dungeon Crawl Stone Soup version 0.23.2-40-g277498a001 (webtiles) character file.

Game seed: 13845695065462180539

54 Descartes the Firebug (level 3, -1/21 HPs)
             Began as a Gargoyle Wanderer on Sept 6, 2019.
             Slain by an adder (4 damage)
             ... on level 3 of the Dungeon.
             The game lasted 00:03:12 (1107 turns).

Descartes the Firebug (Gargoyle Wanderer)           Turns: 1107, Time: 00:03:12

Health: -1/21      AC:  5    Str: 13    XL:     3   Next: 91%
Magic:  1/4        EV: 12    Int: 14    God:
Gold:   75         SH:  0    Dex: 10    Spells: 2/3 levels left

rFire    . . .     SeeInvis .   a - +2 quarterstaff
rCold    . . .     Gourm    .   (shield currently unavailable)
rNeg     + . .     Faith    .   d - +0 robe
rPois    ∞         Spirit   .   (no helmet)
rElec    +         Reflect  .   (no cloak)
rCorr    .         Harm     .   (no gloves)
MR       .....                  (no boots)
Stlth    ++........             (no amulet)
HPRegen  0.07/turn              (no ring)
MPRegen  0.09/turn              (no ring)

@: no status effects
A: negative energy resistance 1, electricity resistance, unbreathing,
petrification resistance, rot immunity, AC +3
a: no special abilities


You were on level 3 of the Dungeon.
You were not hungry.

You visited 1 branch of the dungeon, and saw 4 of its levels.

You collected 75 gold pieces.

Inventory:

Hand Weapons
 a - a +2 quarterstaff (weapon)
Missiles
 i - 20 arrows
Armour
 d - a +0 robe (worn)
Jewellery
 j - a +2 amulet of reflection {unknown}
Scrolls
 b - a scroll of teleportation
 e - a scroll of identify {unknown}
Potions
 c - a potion of brilliance {unknown}
 h - a potion of flight {unknown}
Comestibles
 f - 2 rations
 g - 8 chunks of flesh


   Skills:
 + Level 1.7 Fighting
 + Level 2.3 Staves
 + Level 1.3 Armour
 + Level 1.8 Dodging
 + Level 1.6 Stealth
 + Level 0.6 Spellcasting
 + Level 0.9 Conjurations
 + Level 2.3 Fire Magic
   Level 1.0 Poison Magic
   Level 1.0 Evocations


You had 2 spell levels left.
You knew the following spells:

 Your Spells              Type           Power        Failure   Level  Hunger
a - Flame Tongue          Conj/Fire      #....        14%         1    ##.....

Your spell library contained the following spells:

 Spells                   Type           Power        Failure   Level  Hunger
 Ignite Poison            Fire/Tmut/Pois #.......     45%         3    ####...


Dungeon Overview and Level Annotations

Branches:
Dungeon (4/15)
 Temple: D:4-7

Altars:
Ru


Innate Abilities, Weirdness & Mutations

You are resistant to torment.
Your stone body is resilient. (AC +3)
You are immune to poison.
You resist negative energy. (rN+)
You are resistant to electric shocks. (rElec)
You can survive without breathing.
You are immune to petrification.
You are immune to rotting.


Message History

The adder closely misses you.
Casting: Flame Tongue (safe; 14% risk of failure)
Confirm with . or Enter, or press ? or * to list all spells.
Aiming: Flame Tongue (safe; 14% risk of failure)
Press: ? - help, Shift-Dir - straight line, f/p - adder
Aim: an adder (almost dead)
The flame tongue misses the adder.
The hound barely misses you. The adder bites you.
* * * LOW HITPOINT WARNING * * *
The adder closely misses you.
You hit the adder.
You kill the adder!
The hound completely misses you. The adder barely misses you.
The hound bites you.
* * * LOW HITPOINT WARNING * * *
The adder bites you but does no damage. The hound misses you.
The adder closely misses you.
You see here an adder corpse.
The hound closely misses you. The adder bites you.
You die...

##. #####....
##........
########S.#(..###
.......@†........
########h...#####
...$### #.....#
....#### ##..#
.... ##.


You could see a hound and an adder.

Vanquished Creatures
  2 adders
  A dart slug (D:1)
  A leopard gecko (D:2)
  4 bats
  6 hobgoblins
  4 jackals (D:1)
  A quokka (D:2)
  3 frilled lizards
  4 goblins (D:1)
  3 kobolds
  2 rats
31 creatures vanquished.

Notes
Turn   | Place    | Note
-------+----------+-------------------------------------------
     0 | D:1      | Descartes the Gargoyle Wanderer began the quest for the
                  | Orb.
     0 | D:1      | Descartes set off with the following items: a +2
                  | quarterstaff, a scroll of teleportation, a +0 robe, a
                  | ration; and the following spell memorised: Flame Tongue;
                  | and the following spells available to memorise: Ignite
                  | Poison
     0 | D:1      | Reached XP level 1. HP: 12/12 MP: 1/1
     0 | D:1      | Noticed an elf
     3 | D:1      | Noticed a naga
     6 | D:1      | Noticed a troll
     8 | D:1      | Noticed a ghoul
    16 | D:1      | Noticed a gargoyle
    18 | D:1      | Noticed a dwarf
    99 | D:1      | Reached XP level 2. HP: 16/16 MP: 2/2
   689 | D:1      | Reached skill level 1 in Armour
   779 | D:1      | Reached XP level 3. HP: 15/20 MP: 3/3
   955 | D:2      | Found a sacrificial altar of Ru.
  1073 | D:2      | You fall through a shaft for 2 floors!
  1073 | D:4      | Noticed an ogre
  1107 | D:3      | Slain by an adder

Skill      XL: |  1  2 |
---------------+-------+-----
Armour         | 1 |  1.3
Fighting       | |  1.7
Staves         | |  2.3
Dodging        | |  1.8
Stealth        | |  1.6
Spellcasting   | |  0.6
Conjurations   | |  0.9
Fire Magic     | |  2.3
Poison Magic   | |  1.0
Evocations     | |  1.0

Action                   || total
-------------------------++-------
Melee: Quarterstaff      ||    84
 Cast: Flame Tongue      ||     2
 Stab: Sleeping          ||     2
  Eat: Chunk             ||     1
Armor: Robe              ||    42
Dodge: Dodged            ||    94
